 Dungeon Crawl Stone Soup version 0.23-a0-49-gd9f7a49 (webtiles) character file.

46 BlackBryer the Magician (level 3, -1/19 HPs)
             Began as a Deep Elf Fire Elementalist on Aug 6, 2018.
             Was an Initiate of Ashenzari.
             Slain by a sky beast (4 damage)
             ... on level 2 of the Dungeon.
             The game lasted 00:15:57 (2406 turns).

BlackBryer the Magician (DEFE)                      Turns: 2406, Time: 00:15:58

Health: -1/19      AC:  2    Str:  5    XL:     3   Next: 44%
Magic:  0/10       EV: 18    Int: 20    God:    Ashenzari [......]
Gold:   78         SH:  0    Dex: 15    Spells: 8/9 levels left

rFire    . . .     SeeInvis .   d - +0 short sword
rCold    . . .     Gourm    .   (no shield)
rNeg     . . .     Faith    .   a - +0 robe
rPois    .         Spirit   +   (no helmet)
rElec    .         Reflect  .   (no cloak)
rCorr    .         Harm     .   (no gloves)
MR       .....     Rnd*Tele +   (no boots)
Stlth    ++........             k - amulet of guardian spirit
HPRegen  0.06/turn              e - +4 ring of evasion
MPRegen  0.12/turn              m - ring of teleportation (curse)

@: no status effects
A: no striking features
a: Curse Item, Renounce Religion


You were on level 2 of the Dungeon.
You worshipped Ashenzari.
Ashenzari was noncommittal.
You were not hungry.

You visited 1 branch of the dungeon, and saw 3 of its levels.

You collected 78 gold pieces.

Inventory:

Hand Weapons
 d - a +0 short sword (weapon)
Armour
 a - a +0 robe (worn)
Jewellery
 e - a +4 ring of evasion (left hand)
 k - an amulet of guardian spirit (around neck)
 m - a cursed ring of teleportation (right hand)
 n - an uncursed amulet of magic regeneration
Scrolls
 b - a scroll of immolation
 i - 6 scrolls of teleportation {unknown}
 l - a scroll of random uselessness {unknown}
 o - 2 scrolls of identify {unknown}
Potions
 f - a potion of degeneration {unknown}
 g - 2 potions of heal wounds {unknown}
 h - a potion of mutation {unknown}
 j - a potion of curing {unknown}
Comestibles
 c - 3 rations
 p - 4 chunks of flesh


   Skills:
 + Level 3.4 Dodging
 + Level 2.8 Stealth
 + Level 0.3 Unarmed Combat
 + Level 3.6 Spellcasting
 + Level 1.4 Conjurations
 + Level 3.6 Fire Magic


You had 8 spell levels left.
You knew the following spells:

 Your Spells              Type           Power        Failure   Level  Hunger
a - Flame Tongue          Conj/Fire      ##...        4%          1    None

Your spell library contained the following spells:

 Spells                   Type           Power        Failure   Level  Hunger
 Fireball                 Conj/Fire      ##........   78%         5    ######.
 Conjure Flame            Conj/Fire      ##......     14%         3    ###....
 Throw Flame              Conj/Fire      ##....       7%          2    ##.....
 Sticky Flame             Conj/Fire      ##......     43%         4    ####...
 Inner Flame              Hex/Fire       ##......     19%         3    ###....


Dungeon Overview and Level Annotations

Branches:
Dungeon (3/15)

Altars:
Ashenzari
Yredelemnul


Message History

Casting: Flame Tongue (safe; 4% risk of failure)
Confirm with . or Enter, or press ? or * to list all spells.
You can't see any susceptible monsters within range! (Use Z to cast anyway.)
Casting: Flame Tongue (safe; 4% risk of failure)
Confirm with . or Enter, or press ? or * to list all spells.
Aiming: Flame Tongue (safe; 4% risk of failure)
Press: ? - help, Shift-Dir - straight line Something completely misses you.
There is a stone staircase leading up here.
Something barely misses you.
You climb upwards.
There is a stone staircase leading down here.
You completely miss something. Something hits you. Something shocks you.
* * * LOW HITPOINT WARNING * * *
As you read the scroll labeled DUEMES SOHIUMM, it crumbles to dust.
The creatures around you are filled with an inner flame!
It was a scroll of immolation.
Something hits you.
* * * LOW HITPOINT WARNING * * *
Something shocks you.
You die...

###...# #.# ##.#.#
#...........#
......# #.# #.#.#
#...........#
......# #.# #.#.#
###.#######.#
......# #.# #.#.#
#.# #.# #########.#
#.#.# #.# #.#
........#.# #...#
#.# #.# #######.#.#
##..# #.# #..
#####.#.### #..# #.#
### #.........# #.@#
#.# #.........# ##.#
#.# ###.........#
#.# #.#
.##.........## #.#
#.#
.######.#....###.###
#.# .#
#.####.......# #.#
.# #.#
#.......####.# ## .#
#.# #............#
#. .# #.#
#.......###### #.


There were no monsters in sight!

Vanquished Creatures
  2 adders
  3 bats (D:1)
  3 giant cockroaches (D:1)
  3 hobgoblins
  3 kobolds
  2 ball pythons (D:1)
  3 frilled lizards (D:1)
  3 goblins
  8 rats
30 creatures vanquished.

Notes
Turn   | Place    | Note
-------+----------+-------------------------------------------
     0 | D:1      | BlackBryer the Deep Elf Fire Elementalist began the quest for the Orb.
     0 | D:1      | Reached XP level 1. HP: 10/10 MP: 6/6
   602 | D:1      | Reached XP level 2. HP: 12/15 MP: 4/8
  1189 | D:1      | Found a shattered altar of Ashenzari.
  1241 | D:1      | Became a worshipper of Ashenzari the Shackled
  1464 | D:2      | Reached XP level 3. HP: 11/19 MP: 7/10
  1975 | D:2      | Found a basalt altar of Yredelemnul.
  2384 | D:3      | Noticed a sky beast
  2406 | D:2      | Slain by a sky beast

Vault maps used:
D:1:      lemuel_arrival_broad_hall, ashenzari_altar_1
D:2:      lemuel_doored_altar
D:3:      kiku_gazebo_garden_becter, serial_bayou_lagoon_b, uniq_purgy,
          uniq_ijyb

Skill      XL: |  1  2 |
---------------+-------+-----
Dodging        | 3 |  3.4
Stealth        | |  2.8
Unarmed Combat | |  0.3
Spellcasting   | |  3.6
Conjurations   | |  1.4
Fire Magic     | |  3.6

Action                   || total
-------------------------++-------
Melee: Unarmed           ||     4
       Short sword       ||    14
 Cast: Flame Tongue      ||    46
  Use: Scroll            ||     1
 Stab: Sleeping          ||     1
  Eat: Chunk             ||     2
       Ration            ||     1
Armor: Robe              ||     1
Dodge: Dodged            ||    22

Table legend:
 A = Spawn XP
 B = Non-spawn XP
 C = Spawn XP percentage of total XP
 D = Spawn monster count
 E = Non-spawn monster count
 F = Spawn count percentage of total count
 G = Total turns spent on level
                    A         B        C        D         E        F      G
               +---------+---------+-------+---------+---------+-------+---------
         Total |       0 |      66 |   0.0 |       0 |      30 |   0.0 |  2406
               +---------+---------+-------+---------+---------+-------+---------
           D:1 |       0 |      29 |   0.0 |       0 |      22 |   0.0 |  1286
           D:2 |       0 |      21 |   0.0 |       0 |       5 |   0.0 |  1059
           D:3 |       0 |      16 |   0.0 |       0 |       3 |   0.0 |    61
               +---------+---------+-------+---------+---------+-------+---------
